Map: Kairos Junction LE

Players

CheckURsix - Winner!

  • Race: Terran Terran
  • League: Platinum
  • Spawn Location: 5:00

Smeeeger

  • Race: Zerg Zerg
  • League: Platinum
  • Spawn Location: 11:00

VOD

Have the link to the VOD?

Description

Time

  • Played on: July 18, 2019, 11:05 a.m.
  • Length: 8:46
Show
View Real Time Build Order
Export as new Build Order

CheckURsix Terran - Winner!

Build Orders:  

Get SALT Encoding   

  12  0:01  SCV  
  13  0:13  SCV  
  14  0:17  Supply Depot  
  14  0:25  SCV  
  15  0:39  SCV  
  15  0:40  Barracks  
  16  0:46  Refinery  
  16  0:51  SCV  
  17  1:03  SCV  
  18  1:15  SCV  
  19  1:27  Orbital Command  
  19  1:28  Marine  
  20  1:46  Command Center  
  20  1:51  Marine  
  21  2:02  Factory  
  21  2:04  SCV  
  22  2:11  Barracks Reactor  
  22  2:14  Supply Depot  
  22  2:24  SCV  
  23  2:31  Refinery  
  23  2:36  SCV  
  24  2:38  Barracks  
  24  2:49  SCV  
  25  2:56  Barracks Tech Lab  
  25  2:57  Hellion x2  
  29  2:59  Orbital Command  
  29  3:11  Armory  
  29  3:16  Starport  
  29  3:19  Marine  
  30  3:29  SCV x2  
  30  3:33  Barracks Reactor  
  32  3:38  Hellion  
  32  3:40  Hellion  
  32  3:41  SCV  
  37  3:44  Marine  
  38  4:02  Hellion x2, Marine  
  40  4:04  Medivac  
  40  4:08  SCV x2  
  45  4:13  Supply Depot  
  43  4:21  Stimpack  
  43  4:23  Hellion  
  45  4:24  Marine  
  45  4:25  Marine  
  45  4:27  Marine  
  48  4:32  SCV x2  
  48  4:34  Medivac  
  48  4:37  Supply Depot  
  52  4:39  Orbital Command  
  45  5:22  Marine x3  
  45  5:25  SCV  
  49  5:29  Hellion x2  
  53  5:37  SCV  
  53  5:40  Marine  
  54  5:59  Marine x2  
  54  6:06  Marine  
  54  6:10  Hellion x2  
  53  6:13  Medivac  
  53  6:14  SCV  
  54  6:26  Marine x2  
  54  6:27  Terran Vehicle Weapons Level 1, SCV x2  
  54  6:32  Supply Depot  
  54  6:39  SCV  
  54  6:44  Supply Depot  
  54  6:47  Bunker  
  54  6:53  Marine x2, SCV x2  
  58  7:05  SCV x2  
  60  7:09  Marine  
  60  7:10  Marine  
  60  7:11  Marine x2, Infernal Pre-Igniter  
  60  7:13  Hellion  
  66  7:17  SCV x2  
  66  7:18  Refinery  
  66  7:20  Supply Depot  
  68  7:23  Supply Depot  
  68  7:27  Marine  
  70  7:30  SCV  
  70  7:40  SCV  
  70  7:42  SCV  
  68  7:49  Marine x4  
  72  7:57  Hellion  
  74  8:02  Supply Depot  
  74  8:04  Engineering Bay, Medivac  
  76  8:06  Marine x2, Engineering Bay  
  76  8:07  Marine x2  
  83  8:22  Refinery, SCV x2  
  83  8:24  Marine x2  
  83  8:25  Factory, Marine x2  
Show
View Real Time Build Order
Export as new Build Order

Smeeeger Zerg 

Build Orders: Hatch First 

Get SALT Encoding   

  12  0:01  Drone  
  13  0:13  Overlord  
  13  0:20  Drone  
  14  0:32  Drone x2  
  16  0:38  Drone  
  17  0:47  Drone  
  18  0:58  Hatchery  
  18  1:01  Extractor  
  18  1:02  Drone  
  17  1:16  Spawning Pool  
  16  1:22  Drone  
  16  1:24  Drone  
  18  1:35  Drone  
  19  1:40  Overlord  
  19  2:06  Queen  
  19  2:08  Zergling x4  
  23  2:09  Queen  
  23  2:11  Drone  
  26  2:29  Hatchery, Drone  
  26  2:31  Metabolic Boost  
  26  2:35  Drone  
  27  2:39  Drone  
  28  2:48  Queen  
  30  2:56  Overlord  
  30  2:57  Drone  
  30  2:58  Drone  
  32  3:00  Drone  
  32  3:05  Drone x2  
  35  3:13  Drone  
  35  3:14  Drone  
  37  3:24  Queen  
  37  3:26  Overlord  
  39  3:27  Overlord  
  39  3:32  Zergling x4  
  41  3:37  Drone x2  
  41  3:40  Overlord  
  43  3:46  Lair  
  42  4:14  Spore Crawler  
  42  4:16  Spore Crawler  
  40  4:17  Drone x2  
  40  4:18  Drone x4  
  40  4:19  Drone x2  
  40  4:21  Extractor  
  40  4:22  Extractor  
  40  4:23  Drone x2, Baneling Nest  
  47  4:24  Evolution Chamber  
  46  4:35  Extractor  
  46  4:36  Drone x4  
  46  4:37  Queen  
  49  5:05  Drone x3  
  49  5:06  Drone x3  
  55  5:08  Zerg Melee Weapons Level 1  
  55  5:11  Zergling x8  
  59  5:20  Zergling x8  
  59  5:21  Zergling x8  
  56  5:43  Baneling x3  
  56  5:50  Zergling x18  
  62  6:03  Spine Crawler  
  60  6:04  Baneling x8  
  58  6:18  Drone  
  58  6:19  Drone x6  
  64  6:31  Drone x7  
  68  6:33  Baneling x4  
  68  6:34  Queen  
  68  6:35  Queen  
  68  6:38  Spine Crawler  
  71  6:42  Drone  
  71  6:43  Drone  
  71  6:44  Baneling x3  
  71  6:45  Centrifical Hooks  
  73  6:51  Spine Crawler  
  73  6:54  Drone, Spine Crawler  
  73  6:55  Drone  
  73  7:07  Spore Crawler, Drone  
  73  7:17  Hatchery, Zergling x2  
  65  8:03  Infestation Pit  
  63  8:06  Zergling x6  
  66  8:14  Overlord x3  
  66  8:15  Overlord x3  
  66  8:25  Extractor  
  66  8:26  Drone x2, Extractor  
  66  8:29  Drone x2  
  66  8:30  Drone x2  
  66  8:31  Drone x2  
Tags
 
Add a new tag
Caveats
  • Supply blocks, unpowered buildings, or Contaminate may cause inaccurate times.
  • Supply counts are checked every 10 seconds.